 Dungeon Crawl Stone Soup version 0.31.0-32-g396128a36d (webtiles) character file.

Game seed: 9799634302144327904

80 Fractals the Charlatan (level 4, 0/34 HPs)
             Began as a Human Wanderer on Apr 19, 2024.
             Incinerated by a bombardier beetle (4 damage)
             ... with a burning spray
             ... on level 3 of the Dungeon.
             The game lasted 00:04:13 (1387 turns).

Fractals the Charlatan (Human Wanderer)             Turns: 1387, Time: 00:04:13

Health: 0/34       AC:  4    Str: 13    XL:     4   Next: 39%
Magic:  4/4        EV: 11    Int:  8    God:
Gold:   67         SH:  4    Dex: 18    Spells: 3/3 levels left

rFire   . . .        m - +2 dagger (speed)
rCold   . . .        q - +0 buckler
rNeg    . . .        e - +0 leather armour
rPois   .            (no helmet)
rElec   .            (no cloak)
rCorr   .            (no gloves)
SInv    .            c - +0 pair of boots
Will    .....        l - amulet of regeneration
Stlth   +            (no ring)
HPRegen 1.05/turn    (no ring)
MPRegen 0.09/turn

%: no passive effects
@: on fire, glowing
A: explore regen
a: no special abilities


You were on level 3 of the Dungeon.
You visited 1 branch of the dungeon, and saw 3 of its levels.

You collected 67 gold pieces.

Inventory:

Hand Weapons
 m - a +2 dagger of speed (weapon)
Armour
 c - a +0 pair of boots (worn)
 e - a +0 leather armour (worn)
 q - a +0 buckler (worn)
Jewellery
 l - an amulet of regeneration (around neck)
Wands
 b - a wand of polymorph (12) (quivered)
Scrolls
 a - 2 scrolls of enchant weapon {unknown}
 d - 4 scrolls of fog
 f - 2 scrolls of identify {unknown}
 g - a scroll of amnesia {unknown}
 k - a scroll of torment {unknown}
 o - a scroll of blinking {unknown}
Potions
 h - a potion of magic {unknown}
 i - 3 potions of curing {unknown}
 j - a potion of brilliance {unknown}
 n - 2 potions of mutation {unknown}
 p - a potion of cancellation {unknown}


   Skills:
 + Level 2.5 Fighting
 - Level 3.0 Staves
 - Level 1.0 Armour
 - Level 1.0 Dodging
 + Level 2.9 Stealth
 - Level 5.0 Evocations


You had 3 spell levels left.
You didn't know any spells.
Your spell library was empty.

Dungeon Overview and Level Annotations

Branches:
Dungeon (3/15)

Altars:

Shops:
D:1 !   D:2 :


Innate Abilities, Weirdness & Mutations

You regain HP and MP as you explore.


Message History

The bombardier beetle is moderately wounded.
You hit the bombardier beetle.
The bombardier beetle is moderately wounded.
The endoplasm hits you but does no damage.
The bombardier beetle completely misses you.
You hit the bombardier beetle.
The bombardier beetle is heavily wounded.
You block the endoplasm's attack.
You hit the bombardier beetle but do no damage.
The bombardier beetle is heavily wounded.
The endoplasm freezes you.
You are frozen.
The bombardier beetle sprays incendiary fluid at you.
The burning spray hits you.
You are covered in liquid fire!
You hit the bombardier beetle but do no damage.
The bombardier beetle is heavily wounded.
The liquid fire burns you!
You hit the bombardier beetle but do no damage.
The bombardier beetle is heavily wounded.
The liquid fire burns you! The endoplasm freezes you.
You are frozen.
You hit the bombardier beetle.
The bombardier beetle is heavily wounded.
The liquid fire burns you!
* * * LOW HITPOINT WARNING * * *
You block the endoplasm's attack.
The bombardier beetle barely misses you.
You hit the bombardier beetle.
The bombardier beetle is severely wounded.
The liquid fire burns you!
* * * LOW HITPOINT WARNING * * *
The endoplasm freezes you.
You are frozen.
* * * LOW HITPOINT WARNING * * *
You barely miss the bombardier beetle.
The bombardier beetle is severely wounded.
The liquid fire burns you!
You die...

#.........##...#.#
#.....#..).###...####
##### ###.>.........[
#............
.##............
................
..............###
.####..........##
#.$..@.....).
#...JB....##.
#.........#
#.........#
#........[#
#...!.....#
##...$.)?## ##.....##


You could see a bombardier beetle and an endoplasm.

Vanquished Creatures
  2 adders (D:2)
  A dart slug (D:1)
  2 ribbon worms
  3 ball pythons
  8 bats
  3 endoplasms
  4 giant cockroaches
  3 goblins
  7 hobgoblins
  4 jackals (D:2)
  A quokka (D:1)
  A frilled lizard (D:1)
  5 kobolds
  5 rats (D:2)
49 creatures vanquished.

Notes
Turn   | Place    | Note
-------+----------+-------------------------------------------
     0 | D:1      | Fractals the Human Wanderer began the quest for the Orb.
     0 | D:1      | Fractals set off with the following items: a +0
                  | quarterstaff, a wand of polymorph (12), a +0 pair of boots,
                  | a scroll of fog, a +0 leather armour.
     0 | D:1      | Reached XP level 1. HP: 13/13 MP: 1/1
   124 | D:1      | Reached skill level 1 in Fighting
   124 | D:1      | Reached skill level 1 in Stealth
   124 | D:1      | Reached XP level 2. HP: 14/21 MP: 2/2
   281 | D:1      | Found Koakk's Distillery.
   472 | D:1      | Reached XP level 3. HP: 12/26 MP: 3/3
   897 | D:2      | Reached XP level 4. HP: 33/33 MP: 4/4
   925 | D:2      | Found Boniack's Book Emporium.
  1387 | D:3      | Incinerated by a bombardier beetle

Illustrated notes

Levels and vault maps discovered:
D:1:      ebering_hopf_link, layout_rooms, serial_shops, shop
D:2:      layout_rooms, serial_shops, shop, minmay_cupped
D:3:      layout_rooms

Skill      XL: |  1  2  3 |
---------------+----------+-----
Fighting       | 1 2 |  2.5
Stealth        | 1 2 |  2.9
Staves         | |  3.0
Armour         | |  1.0
Dodging        | |  1.0
Evocations     | |  5.0

Action                     |  1- 3 |  4- 6 || total
---------------------------+-------+-------++-------
  Melee: Quarterstaff      |    75 |       ||    75
         Dagger            |    67 |    72 ||   139
         Punch             |       |     1 ||     1
   Stab: Sleeping          |     1 |     1 ||     2
 Armour: Leather armour    |    89 |    20 ||   109
  Dodge: Dodged            |   102 |    37 ||   139
  Block: Buckler           |       |     4 ||     4
